 Dungeon Crawl Stone Soup version 0.28-a0-983-g1de4e0787c (webtiles) character file.

Game seed: 12605188951132796277

25 Twinkles the Conjurer (level 2, 0/22 HPs)
             Began as a Demigod Conjurer on Dec 3, 2021.
             Succumbed to an adder's poison
             ... on level 2 of the Dungeon.
             The game lasted 00:02:14 (1282 turns).

Twinkles the Conjurer (Demigod Conjurer)            Turns: 1282, Time: 00:02:15

Health: 0/22       AC:  6    Str:  8    XL:     2   Next: 63%
Magic:  3/7        EV: 11    Int: 20    God:
Gold:   34         SH:  0    Dex: 12    Spells: 4/5 levels left

rFire   . . .      SeeInvis .   d - +0 flail
rCold   + . .      Faith    .   (no shield)
rNeg    . . .      Spirit   .   c - +1 leather armour {rC+}
rPois   .          Reflect  .   (no helmet)
rElec   .          Harm     .   (no cloak)
rCorr   +          Rampage  .   (no gloves)
Will    +....                   (no boots)
Stlth   ++........              (no amulet)
HPRegen 0.07/turn               i - ring of resist corrosion
MPRegen 0.10/turn               (no ring)

@: lethally poisoned (0 -> -6), attractive
A: high mp 1, forlorn, divine attributes, iridescent scales 1, strong-willed 1
a: no special abilities


You were on level 2 of the Dungeon.
You visited 1 branch of the dungeon, and saw 2 of its levels.

You collected 34 gold pieces.

Inventory:

Hand Weapons
 d - a +0 flail (weapon)
Missiles
 b - 28 sling bullets
 e - 6 atropa-tipped darts
Armour
 a - a +0 robe
 c - a +1 leather armour of cold resistance (worn)
Jewellery
 i - a ring of resist corrosion (left hand)
Potions
 h - a potion of haste {unknown}


   Skills:
 + Level 0.9 Fighting
 + Level 2.1 Dodging
 - Level 1.7 Stealth
 + Level 2.1 Spellcasting
 + Level 3.8 Conjurations


You had 4 spell levels left.
You knew the following spells:

 Your Spells              Type           Power      Damage    Failure   Level
a - Magic Dart            Conj           68%        1d6       4%          1

Your spell library contained the following spells:

 Spells                   Type           Power      Damage    Failure   Level
 Searing Ray              Conj           34%        2d5       7%          2
 Freeze                   Ice            8%         1d3       22%         1
 Dazzling Flash           Conj/Hex       18%        N/A       30%         3
 Frozen Ramparts          Ice            4%         1d2       56%         3
 Fulminant Prism          Conj/Hex       4%         3d6       71%         4
 Hailstorm                Conj/Ice       9%         3d4       71%         4
 Iskenderun's Mystic Bla  Conj/Tloc      9%         2d4       71%         4
 Dispersal                Tloc           1%         N/A       100%        6
 Disjunction              Tloc           1%         N/A       100%        8


Dungeon Overview and Level Annotations

Branches:
Dungeon (2/15)


Innate Abilities, Weirdness & Mutations

You have an increased reservoir of magic. (+10% MP)
You shall have no god before yourself.
Your divine heritage dramatically boosts your attributes as you level up.
You are partially covered in iridescent scales. (AC +2)
You are strong-willed. (Will+)


Message History

The adder is moderately wounded.
You feel sick. The adder bites you.
You are more poisoned.
The adder poisons you!
You feel very sick. The adder bites you.
You feel sick.
Aiming: Magic Dart (safe; 4% risk of failure)
Press: ? - help, Q - select action, (/) - cycle Shift-Dir - straight line, f/p - adder
Aim: an adder (moderately wounded, 100% to hit)
The magic dart hits the adder.
The adder is almost dead.
You feel sick. The adder barely misses you.
You feel sick. The adder bites you.
You are lethally poisoned!
The adder poisons you!
Aiming: Magic Dart (safe; 4% risk of failure)
Press: ? - help, Q - select action, (/) - cycle Shift-Dir - straight line, f/p - adder
Aim: an adder (almost dead, 100% to hit)
The magic dart hits the adder.
You kill the adder!
* * * LOW HITPOINT WARNING * * *
You feel sick.
Okay, then.
Unknown command.
As you read the scroll labelled XAIGUE CESCHAFA, it crumbles to dust.
You feel aware of your surroundings.
It was a scroll of magic mapping.
* * * LOW HITPOINT WARNING * * *
You feel sick.
You aren't carrying any scrolls.
Unknown command.
Unknown command.
It was a potion of attraction.
You feel attractive to monsters.
* * * LOW HITPOINT WARNING * * *
You feel sick.
It was a potion of mutation.
You feel extremely strange.
Iridescent scales grow over part of your body.
You feel strong-willed.
You die...

#.###.# #.†...# #####.# * #.# *
******* ####'###### * * *,,,,,*
#.........# * * *,.,,,*
#.........# * *
*,....#####.........#*** * *
*>...........@......+,,* * *
*,.......##)........#*,* * *
*,.......*#.........#*,* *
****,.......*#.........#*,** *
+,,,,.......*#..[......#*,,* *
*,,,,##)....,..##+######**,** *
,,,,,,+........#*,* *,,*****
,,,,,*#........#*,*********,**,,,
,,,,,,,,,,,,,,,,,,,,,,,,,^,,,+,,,


There were no monsters in sight!

Vanquished Creatures
  2 adders (D:2)
  A ball python (D:1)
  An endoplasm (D:2)
  A hobgoblin (D:1)
  A quokka (D:1)
  A goblin (D:1)
  A rat (D:1)
8 creatures vanquished.

Notes
Turn   | Place    | Note
-------+----------+-------------------------------------------
     0 | D:1      | Twinkles the Demigod Conjurer began the quest for the Orb.
     0 | D:1      | Reached XP level 1. HP: 14/14 MP: 5/5
  1179 | D:2      | Reached XP level 2. HP: 22/22 MP: 2/7
  1279 | D:2      | HP: 5/22 [poisoned by an adder]
  1281 | D:2      | HP: 1/22 [poisoned by an adder]
  1282 | D:2      | Gained mutation: You are partially covered in iridescent
                  | scales. (AC +2) [potion of mutation]
  1282 | D:2      | Gained mutation: You are strong-willed. (Will+) [potion of
                  | mutation]
  1282 | D:2      | Succumbed to an adder's poison

Illustrated notes

Levels and vault maps discovered:
D:1:      zelgadis_glass_arrival_small, layout_basic,
          ebering_ecumenical_altar_abandoned
D:2:      layout_basic

Skill      XL: |  1 |
---------------+----+-----
Dodging        | 2 |  2.1
Spellcasting   | 2 |  2.1
Fighting       | |  0.9
Stealth        | |  1.7
Conjurations   | |  3.8

Action                   || total
-------------------------++-------
 Cast: Magic Dart        ||    18
  Use: Potion            ||     2
       Scroll            ||     1
Dodge: Dodged            ||     2

Table legend: (Time is in decaauts)
 A = Elapsed time spent in this place.
 B = Non-inter-level travel time spent in this place.
 C = Inter-level travel time spent in this place.
 D = Time resting spent in this place.
 E = Time spent auto-exploring this place.
 F = Levels seen in this place.
 G = Mean time per level.
                   A        B        C        D        E       F      G
               +--------+--------+--------+--------+--------+-----+--------+
         Total |   1280 |   1169 |    111 |      0 |   1099 |   2 |  640.0 |
       Dungeon |   1280 |   1169 |    111 |      0 |   1099 |   2 |  640.0 |
               +--------+--------+--------+--------+--------+-----+--------+

Top non-repeatable levels by time:
     D:1: 1173 daAuts
     D:2: 107 daAuts
